 Dungeon Crawl Stone Soup version 0.31.0-12-g77e489cdc1 (webtiles) character file.

Game seed: 5593070456380820365

409 remko2 the Covered (level 6, -22/53 HPs)
             Began as a Minotaur Fighter on Feb 26, 2024.
             Was an Initiate of Trog.
             Annihilated by Blork the orc
             ... wielding a +1 heavy battleaxe
              (25 damage)
             ... on level 4 of the Dungeon.
             The game lasted 00:16:11 (2966 turns).

remko2 the Covered (Minotaur Fighter)               Turns: 2966, Time: 00:16:12

Health: -22/53     AC:  8    Str: 21    XL:     6   Next: 58%
Magic:  5/5        EV: 10    Int:  5    God:    Trog [......]
Gold:   259        SH:  5    Dex: 11    Spells: 5/5 levels left

rFire   . . .        j - +2 mace (heavy)
rCold   . . .        c - +0 buckler
rNeg    . . .        b - +0 scale mail
rPois   .            i - +1 hat
rElec   .            (no cloak)
rCorr   .            (no gloves)
SInv    .            (no boots)
Will    .....        (no amulet) Stlth
                     (no ring)
HPRegen 0.28/turn    (no ring)
MPRegen 0.09/turn

%: no passive effects
@: no status effects
A: horns 2, retaliatory headbutt
a: Renounce Religion


You were on level 4 of the Dungeon.
You worshipped Trog.
Trog was noncommittal.
You visited 1 branch of the dungeon, and saw 4 of its levels.

You collected 259 gold pieces.

Inventory:

Hand Weapons
 a - a +0 flail
 f - a +0 dagger
 j - a +2 heavy mace (weapon)
 k - the +3 shortbow of Terra Nullius {heavy, Str+3 Int+3 Stlth+}
   (You found it on level 4 of the Dungeon)

   Str+3:     It affects your strength (+3).
   Int+3:     It affects your intelligence (+3).
   Stlth+:    It makes you more stealthy.
Missiles
 g - 27 stones (quivered)
 n - 4 datura-tipped darts
Armour
 b - a +0 scale mail (worn)
 c - a +0 buckler (worn)
 i - a +1 hat (worn)
Wands
 m - a wand of light (8)
Scrolls
 e - a scroll of fog
 h - a scroll of amnesia {unknown}
 p - a scroll of silence {unknown}
 q - a scroll of enchant weapon {unknown}
 r - 2 scrolls of identify
Potions
 d - a potion of haste {unknown}
 l - a potion of enlightenment {unknown}
 o - a potion of invisibility {unknown}


   Skills:
 + Level 4.6 Fighting
 + Level 4.4 Maces & Flails
 + Level 0.3 Throwing
 + Level 6.1 Armour
 + Level 2.0 Dodging
 + Level 0.1 Stealth
 + Level 5.0 Shields


You had 5 spell levels left.
You didn't know any spells.
Your spell library contained the following spells:

 Spells                   Type           Power      Damage    Failure   Level
 Magic Dart               Conj           0%         1d3       86%         1
 Blink                    Tloc           0%         N/A       94%         2
 Call Imp                 Summ           0%         N/A       94%         2
 Searing Ray              Conj           0%         2d4       94%         2
 Fulminant Prism          Conj/Alch      0%         3d5       100%        4


Dungeon Overview and Level Annotations

Branches:
Dungeon (3/15)

Altars:
Cheibriados
Trog

Annotations:
D:4 Blork the orc


Innate Abilities, Weirdness & Mutations

You have a pair of horns on your head.
You reflexively headbutt those who attack you in melee.


Message History

An orc comes into view. It is wielding a +0 hand axe.
The orc shouts!
The orc barely misses you. You furiously retaliate!
You headbutt the orc!
You kill the orc!
Trog accepts your kill.
There is a stone staircase leading up here.
Things that are here:
a +0 hand axe; an orc corpse
There is a stone staircase leading up here.
Things that are here:
a +0 hand axe; an orc corpse
Things that are here:
a +0 hand axe; a +0 scale mail; an orc corpse
Things that are here:
a +0 whip; a +0 leather armour; an orc corpse
There is an open door here.
Found a scroll of identify.
r - 2 scrolls of identify (gained 1)
Found 14 gold pieces.
You now have 259 gold pieces (gained 14).
Found a copper wand.
Blork the orc comes into view.
He is wielding a +1 heavy battleaxe.
Blork the orc shouts!
You see here a wand of mindburst (13).
You sock Blork the orc!
Blork the orc is heavily wounded.
Blork the orc hits you with a +1 heavy battleaxe!!
You hit Blork the orc. Your headbutt misses Blork the orc.
Blork the orc is heavily wounded.
Blork the orc hits you with a +1 heavy battleaxe!
You hit Blork the orc.
Blork the orc is severely wounded.
Blork the orc gestures wildly while chanting.
Blork the orc seems to speed up.
You block Blork the orc's attack.
You hit Blork the orc but do no damage.
Blork the orc is severely wounded.
Blork the orc hits you with a +1 heavy battleaxe!
* * * LOW HITPOINT WARNING * * *
Blork the orc hits you with a +1 heavy battleaxe!!
You die...

,,,*,,*,*,*
****,**,*,*
,,,..#*,*,*
**,..#*,*,*
,,,..#*,#,*
***..##.*,****#####
,,,....,*,,,,,,...#
***..###########.#*
##......[...../@#
##..#**#######.#o#
...## #.#.# ####
#.#.# # #.#.# #
#.#.# #
########.#.# #
#........#.# #
#.########,*


You could see Blork the orc (fast).

Vanquished Creatures
  Grinder (D:4)
  Eustachio (D:4)
  A river rat (D:4)
  3 ribbon worms (D:2)
  3 dart slugs
  3 orcs (D:4)
  5 endoplasms
  3 giant cockroaches
  3 hobgoblins
  8 kobolds
  A quokka (D:2)
  8 ball pythons
  2 bats
  4 frilled lizards
  6 goblins
  8 rats
60 creatures vanquished.

Notes
Turn   | Place    | Note
-------+----------+-------------------------------------------
     0 | D:1      | remko2 the Minotaur Fighter began the quest for the Orb.
     0 | D:1      | Reached XP level 1. HP: 19/19 MP: 0/0
   442 | D:1      | Reached XP level 2. HP: 27/27 MP: 1/1
   804 | D:1      | Reached skill level 4 in Armour
  1039 | D:2      | Reached XP level 3. HP: 32/33 MP: 2/2
  2067 | D:3      | You fall into a shaft and drop 1 floor!
  2078 | D:4      | Found a snail-covered altar of Cheibriados.
  2235 | D:4      | Reached XP level 4. HP: 40/40 MP: 3/3
  2247 | D:4      | Found a glowing drain.
  2400 | D:4      | Noticed Grinder
  2411 | D:4      | Found a bloodstained altar of Trog.
  2414 | D:4      | Paralysed by Grinder for 2 turns
  2419 | D:4      | Paralysed by Grinder for 5 turns
  2429 | D:4      | Killed Grinder
  2430 | D:4      | Reached skill level 5 in Armour
  2430 | D:4      | Reached skill level 1 in Dodging
  2430 | D:4      | Reached XP level 5. HP: 15/47 MP: 4/4
  2430 | D:4      | Reached XP level 6. HP: 17/53 MP: 5/5
  2617 | D:4      | Noticed Eustachio
  2637 | D:4      | Became a worshipper of Trog the Wrathful
  2656 | D:4      | Killed Eustachio
  2657 | D:4      | Reached skill level 6 in Armour
  2657 | D:4      | Reached skill level 5 in Shields
  2741 | D:4      | Identified the +3 shortbow of Terra Nullius {heavy, Str+3
                  | Int+3 Stlth+}
  2961 | D:4      | Noticed Blork the orc
  2966 | D:4      | Annihilated by Blork the orc

Illustrated notes

Levels and vault maps discovered:
D:1:      minmay_arrival_split_and_join, layout_basic
D:2:      layout_basic, serial_forest, infiniplex_forest_corner_2,
          infiniplex_forest_end_2, infiniplex_forest_clump_diagonal,
          infiniplex_forest_clump_tiny, infiniplex_forest_clump_tiny,
          infiniplex_forest_3_way, infiniplex_forest_straight_1,
          infiniplex_forest_straight_5, minmay_distorted
D:3:      layout_rooms, mainiacjoe_overflow_alcove_2, serial_shops,
          nicolae_shop_back_alley_shop, st_stairs_4,
          ebering_dispersal_statue_hall, minmay_fractal_squares_diagonal_5
D:4:      layout_basic, amcnicky_altar_gilded, tso_metal_star,
          kennysheep_slug_shrine, portal_sewer_entry_e, uniq_grinder,
          uniq_eustachio, uniq_menkaure, uniq_blork_the_orc

Skill      XL: |  1  2  3  4  5  6 |
---------------+-------------------+-----
Shields        | 4 5 |  5.0
Fighting       | 4 |  4.6
Armour         | 4 5 6 |  6.1
Maces & Flails | 3 4 |  4.4
Dodging        | 1 2 |  2.0
Throwing       | |  0.3
Stealth        | |  0.1

Action                     |  1- 3 |  4- 6 || total
---------------------------+-------+-------++-------
  Melee: Flail             |    21 |       ||    21
         Headbutt          |     4 |     4 ||     8
         Mace              |    69 |    35 ||   104
  Throw: Stone             |       |     4 ||     4
    Use: Scroll            |     4 |       ||     4
         Potion            |       |     4 ||     4
 Armour: Scale mail        |    91 |    98 ||   189
  Dodge: Dodged            |    72 |    78 ||   150
  Block: Buckler           |    34 |    36 ||    70
